Map: World of Sleepers LE

Players

ShoWTimE - Winner!

  • Race: Protoss Protoss
  • Spawn Location: 7:00

soO

  • Race: Zerg Zerg
  • Spawn Location: 1:00

Event: 2019 WCS Global FInals

VOD

Have the link to the VOD?

Description

Time

  • Played on: Oct. 24, 2019, 6:02 a.m.
  • Length: 13:35

All games in this series

Show
View Real Time Build Order
Export as new Build Order

ShoWTimE Protoss - Winner!

Build Orders: Archon Immortal 

Get SALT Encoding   

  12  0:00  Probe  
  13  0:12  Probe  
  14  0:19  Pylon  
  14  0:24  Probe  
  15  0:37  Probe (Chrono Boost)  
  15  0:39  Gateway  
  16  0:46  Assimilator, Probe (Chrono Boost)  
  17  0:51  Probe (Chrono Boost)  
  18  1:03  Probe  
  19  1:15  Probe  
  20  1:24  Forge  
  20  1:26  Zealot (Chrono Boost)  
  20  1:28  Cybernetics Core  
  22  1:44  Pylon  
  22  1:45  Pylon  
  22  1:52  Pylon  
  22  1:54  Pylon  
  22  2:02  Photon Cannon  
  22  2:05  Photon Cannon  
  22  2:16  Probe  
  23  2:25  Adept (Chrono Boost)  
  23  2:28  Warp Gate  
  23  2:29  Probe  
  26  2:38  Pylon  
  26  2:43  Photon Cannon  
  26  2:45  Probe  
  26  2:46  Assimilator  
  27  2:58  Probe  
  27  3:10  Probe  
  27  3:22  Probe  
  27  3:23  Stargate  
  27  3:26  Stalker (Chrono Boost)  
  28  3:32  Shield Battery  
  30  3:44  Probe  
  26  4:07  Oracle (Chrono Boost)  
  29  4:19  Nexus  
  30  4:24  Probe  
  30  4:30  Adept  
  32  4:36  Probe  
  33  4:42  Oracle (Chrono Boost)  
  36  4:48  Pylon  
  36  4:51  Probe  
  37  5:02  Pylon  
  37  5:03  Probe  
  38  5:15  Probe  
  38  5:21  Oracle  
  42  5:25  Gateway  
  42  5:28  Probe (Chrono Boost)  
  43  5:31  Probe (Chrono Boost)  
  44  5:39  Probe (Chrono Boost)  
  44  5:41  Probe (Chrono Boost)  
  46  5:44  Probe (Chrono Boost)  
  46  5:46  Probe (Chrono Boost)  
  48  5:54  Probe, Robotics Facility  
  49  5:58  Probe  
  49  6:01  Assimilator  
  49  6:03  Assimilator  
  50  6:05  Oracle (Chrono Boost)  
  50  6:06  Probe  
  50  6:10  Probe  
  55  6:16  Gateway  
  56  6:18  Probe  
  56  6:22  Probe  
  57  6:26  Pylon  
  57  6:30  Probe  
  58  6:34  Probe, Sentry  
  61  6:40  Pylon  
  61  6:42  Probe  
  61  6:46  Probe  
  63  6:49  Stalker  
  63  6:52  Protoss Ground Weapons Level 1 (Chrono Boost)  
  69  6:54  Observer (Chrono Boost), Probe  
  69  6:58  Probe  
  66  7:06  Probe  
  66  7:08  Immortal (Chrono Boost), Sentry  
  74  7:16  Zealot  
  74  7:17  Zealot  
  74  7:21  Pylon  
  75  7:33  Zealot  
  73  7:39  Zealot  
  73  7:41  Probe  
  73  7:43  Immortal (Chrono Boost), Probe  
  75  7:48  Sentry  
  77  7:53  Twilight Council  
  77  7:56  Sentry  
  79  8:00  Probe  
  79  8:01  Probe  
  79  8:04  Nexus  
  81  8:06  Pylon  
  81  8:10  Pylon  
  81  8:13  Probe x2  
  81  8:14  Zealot  
  81  8:17  Pylon  
  81  8:19  Observer  
  86  8:25  Probe x2  
  88  8:29  Zealot, Charge (Chrono Boost)  
  88  8:30  Zealot  
  92  8:37  Probe x2  
  92  8:41  Immortal (Chrono Boost)  
  98  8:49  Probe  
  98  8:51  Gateway  
  98  8:53  Templar Archives  
  98  8:54  Gateway  
  99  8:59  Zealot x2  
  103  9:06  Gateway  
  103  9:12  Probe x2  
  103  9:15  Gateway  
  106  9:21  Immortal (Chrono Boost)  
  109  9:28  Pylon  
  109  9:30  Pylon  
  109  9:33  Zealot, High Templar x2  
  115  9:38  Archon  
  113  9:47  Shield Battery  
  113  9:49  Shield Battery  
  113  9:52  Shield Battery  
  113  9:53  High Templar x2  
  113  9:56  Warp Prism (Chrono Boost), Shield Battery  
  113  9:57  Archon  
  119  10:00  Shield Battery  
  119  10:05  Pylon  
  119  10:10  Zealot x4  
  119  10:21  Cybernetics Core  
  111  10:27  Zealot x2  
  103  10:31  Zealot x2  
  103  10:32  Zealot x2  
  106  10:37  Immortal (Chrono Boost)  
  111  10:44  Assimilator  
  111  10:47  Forge  
  111  10:48  Assimilator, High Templar  
  111  10:49  High Templar  
  112  10:53  Archon  
  112  10:54  Gateway  
  112  10:57  Gateway  
  112  11:00  Zealot x2  
  115  11:05  Zealot x2  
  119  11:16  Immortal (Chrono Boost)  
  119  11:25  Gateway x2  
  123  11:29  High Templar x4  
  123  11:32  Pylon  
  131  11:33  Archon x2  
  131  11:42  Gateway  
  131  11:43  Gateway  
  131  11:45  Gateway  
  131  11:48  Immortal (Chrono Boost)  
  135  11:58  Nexus  
  135  12:03  Zealot x2  
  135  12:06  Sentry x2  
  135  12:07  Sentry  
  145  12:09  Zealot  
  145  12:13  Sentry  
  145  12:14  Zealot  
  147  12:18  Immortal (Chrono Boost)  
  151  12:26  Shield Battery, Zealot  
  151  12:31  Zealot x2  
  151  12:35  Zealot  
  125  12:47  Zealot x4  
  125  12:48  Zealot  
  132  13:02  Zealot  
  132  13:05  Zealot x3  
  125  13:07  Zealot  
  125  13:12  Probe x4  
  112  13:20  High Templar  
  112  13:21  High Templar x3  
  112  13:24  Archon x2  
Show
View Real Time Build Order
Export as new Build Order

soO Zerg 

Build Orders: 3 Hatch before Pool 

Get SALT Encoding   

  12  0:00  Drone  
  13  0:12  Overlord  
  13  0:16  Drone  
  14  0:30  Drone x2  
  14  0:34  Drone  
  17  0:51  Hatchery  
  17  0:54  Drone  
  17  1:15  Hatchery  
  17  1:18  Drone  
  17  1:21  Drone  
  18  1:32  Extractor  
  17  1:36  Spawning Pool  
  17  1:39  Drone  
  17  1:42  Drone  
  18  1:47  Drone  
  19  2:06  Drone  
  20  2:17  Drone  
  21  2:25  Queen, Spine Crawler  
  21  2:26  Roach Warren  
  21  2:28  Zergling x2  
  22  2:35  Zergling x2  
  23  2:40  Overlord  
  23  2:42  Zergling x2  
  23  3:06  Roach  
  23  3:07  Roach  
  23  3:10  Roach  
  23  3:12  Overlord  
  29  3:27  Overlord  
  30  3:34  Ravager  
  30  3:36  Drone, Ravager  
  30  3:39  Drone  
  30  3:40  Drone  
  33  3:43  Drone  
  33  3:46  Drone  
  35  3:50  Drone  
  35  3:54  Drone  
  35  4:03  Drone  
  35  4:09  Queen  
  38  4:12  Hatchery  
  37  4:21  Drone, Metabolic Boost  
  37  4:23  Drone  
  39  4:25  Drone  
  40  4:38  Drone  
  41  4:39  Spore Crawler  
  41  4:43  Drone  
  41  4:44  Drone  
  42  4:54  Drone  
  42  4:59  Hatchery  
  41  5:09  Drone  
  41  5:10  Drone  
  43  5:19  Queen  
  45  5:24  Overlord, Queen  
  45  5:25  Drone  
  48  5:31  Overlord  
  48  5:35  Overlord  
  48  5:42  Drone  
  48  5:49  Drone  
  49  5:51  Drone x2  
  49  5:55  Spore Crawler, Queen  
  52  6:02  Queen  
  53  6:06  Drone  
  54  6:16  Queen  
  54  6:17  Zergling x4  
  57  6:22  Zergling x2  
  57  6:23  Zergling x4  
  58  6:31  Drone  
  59  6:36  Spore Crawler, Drone  
  59  6:37  Drone  
  60  6:42  Drone  
  60  6:44  Drone x2  
  60  6:46  Drone x3  
  66  6:52  Spore Crawler  
  64  6:59  Zergling x6  
  64  7:00  Zergling x2  
  68  7:02  Drone  
  68  7:03  Drone x2  
  68  7:08  Drone  
  69  7:10  Drone x2, Lair  
  71  7:15  Drone  
  71  7:16  Overlord, Drone  
  71  7:19  Overlord  
  71  7:22  Overlord  
  73  7:24  Overlord  
  73  7:30  Drone x2  
  73  7:34  Zergling x2  
  73  7:35  Zergling x6  
  73  7:36  Zergling x4  
  77  7:38  Zergling x2  
  77  7:39  Zergling x2  
  77  7:44  Zergling x2  
  71  7:47  Drone  
  71  7:48  Extractor  
  71  7:55  Roach  
  71  7:56  Roach x3  
  79  8:02  Spore Crawler  
  78  8:10  Glial Reconstitution  
  78  8:12  Drone x2  
  80  8:13  Drone x2  
  80  8:14  Unknown  
  81  8:23  Overlord  
  81  8:24  Queen  
  82  8:30  Roach x11  
  100  8:43  Nydus Network  
  100  8:47  Roach x6  
  111  8:50  Overlord  
  111  8:57  Overlord x3  
  111  8:58  Overlord  
  111  9:04  Overlord  
  111  9:05  Overlord  
  111  9:09  Overlord  
  111  9:11  Roach x2  
  114  9:20  Nydus Canal  
  114  9:21  Roach x4  
  114  9:23  Ravager x3  
  125  9:26  Queen  
  125  9:30  Roach x2  
  131  9:34  Nydus Canal  
  131  9:36  Roach  
  131  9:37  Zergling x8  
  137  9:44  Roach x2  
  140  9:47  Roach  
  140  9:48  Nydus Canal  
  140  9:49  Zergling x4  
  140  9:50  Zergling x4  
  146  9:56  Ravager  
  146  9:57  Zergling x2  
  148  10:04  Zergling x2  
  149  10:08  Zergling x6  
  149  10:13  Roach x3  
  109  10:22  Roach x2  
  109  10:24  Roach x2  
  103  10:28  Roach  
  103  10:31  Roach  
  88  10:36  Roach  
  88  10:37  Roach, Queen x2  
  88  10:41  Queen  
  91  10:44  Roach  
  91  10:47  Roach  
  95  10:50  Roach  
  95  10:53  Roach  
  99  10:58  Roach  
  99  10:59  Roach  
  99  11:04  Roach  
  105  11:09  Roach x2  
  108  11:12  Roach x2  
  108  11:13  Roach  
  108  11:15  Roach  
  116  11:19  Queen x2  
  116  11:20  Ravager x4  
  116  11:21  Roach  
  116  11:22  Roach  
  128  11:26  Extractor  
  128  11:31  Roach x3, Zergling x4  
  128  11:32  Overseer  
  135  11:37  Hatchery  
  135  11:38  Nydus Canal  
  135  11:39  Roach, Zergling x6  
  139  11:42  Roach  
  139  11:45  Roach  
  143  11:50  Roach  
  143  11:51  Roach  
  149  11:54  Roach x2  
  149  11:56  Roach  
  149  11:58  Roach  
  149  11:59  Roach  
  157  12:04  Ravager  
  157  12:07  Roach x2  
  162  12:14  Ravager  
  163  12:16  Roach  
  161  12:23  Roach  
  161  12:25  Roach x2  
  161  12:27  Roach x3  
  161  12:29  Roach  
  163  12:39  Zergling x6  
  153  12:49  Roach, Ravager x3  
  154  12:52  Roach  
  154  12:53  Roach  
  154  12:54  Roach  
  154  12:58  Roach x2  
  148  13:01  Roach x2  
  119  13:06  Roach  
  119  13:09  Roach  
  119  13:10  Roach  
  119  13:12  Roach  
Tags
 
Add a new tag
Caveats
  • Supply blocks, unpowered buildings, or Contaminate may cause inaccurate times.
  • Supply counts are checked every 10 seconds.